 Dungeon Crawl Stone Soup version 0.27.1-34-g3ba077fa99 (webtiles) character file.

Game seed: 10142981253373118760

1464 mcbry74 the Spear-Bearer (level 8, -27/56 HPs)
             Began as a Merfolk Gladiator on Jan 23, 2022.
             Was a Believer of Okawaru.
             Annihilated by an ogre (36 damage)
             ... on level 6 of the Dungeon.
             The game lasted 00:27:50 (8432 turns).

mcbry74 the Spear-Bearer (Merfolk Gladiator)        Turns: 8432, Time: 00:27:51

Health: -27/56     AC:  4    Str: 14    XL:     8   Next: 77%
Magic:  7/8        EV: 14    Int:  9    God:    Okawaru [**....]
Gold:   143        SH:  0    Dex: 16    Spells: 7/7 levels left

rFire    + . .     SeeInvis .   a - +1 spear (vorpal)
rCold    . . .     Faith    .   (no shield)
rNeg     . . .     Spirit   .   v - +0 leather armour
rPois    .         Reflect  .   c - +0 helmet
rElec    .         Harm     .   (no cloak)
rCorr    +         Rampage  .   (no gloves)
Will     .....                  (no boots)
Stlth    +.........             E - amulet of the acrobat
HPRegen  0.18/turn              h - ring of protection from fire
MPRegen  0.11/turn              l - ring of resist corrosion

@: no status effects
A: (nimble swimmer 2), mertail
a: Renounce Religion, Heroism


You were on level 6 of the Dungeon.
You worshipped Okawaru.
Okawaru was pleased with you.
You visited 2 branches of the dungeon, and saw 7 of its levels.

You collected 143 gold pieces.

Inventory:

Hand Weapons
 a - a +1 vorpal spear (weapon)
 b - a +0 hunting sling
 r - a +0 trident
 A - a +0 halberd
Missiles
 f - 184 stones (quivered)
 q - 14 sling bullets
Armour
 c - a +0 helmet (worn)
 v - a +0 leather armour (worn)
Jewellery
 h - a ring of protection from fire (left hand)
 l - a ring of resist corrosion (right hand)
 y - a ring of flight
 C - an amulet of magic regeneration
 E - an amulet of the acrobat (around neck)
Wands
 x - a wand of iceblast (6)
Scrolls
 d - a scroll of teleportation
 e - 2 scrolls of enchant weapon {unknown}
 g - 2 scrolls of fog
 j - 2 scrolls of magic mapping
 n - a scroll of enchant armour {unknown}
 o - 3 scrolls of vulnerability {unknown}
 s - a scroll of brand weapon {unknown}
 u - a scroll of amnesia
 D - 2 scrolls of identify {unknown}
Potions
 i - a potion of berserk rage {unknown}
 k - 2 potions of heal wounds {unknown}
 m - 2 potions of lignification
 p - a potion of curing {unknown}
 t - a potion of cancellation {unknown}
 w - a potion of flight {unknown}
 z - a potion of haste {unknown}
 B - a potion of brilliance {unknown}


   Skills:
 + Level 2.1 Fighting
 * Level 11.2 Polearms
 + Level 5.4 Throwing
 + Level 5.2 Dodging
 + Level 0.0 Invocations
 + Level 4.6 Evocations


You had 7 spell levels left.
You didn't know any spells.
Your spell library contained the following spells:

 Spells                   Type           Power      Damage    Failure   Level
 Animate Skeleton         Necr           0%         N/A       45%         1
 Pain                     Necr           0%         1d4       45%         1
 Gell's Gravitas          Tloc           0%         N/A       83%         3
 Teleport Other           Tloc           0%         N/A       83%         3
 Vampiric Draining        Necr           0%         2d6       83%         3
 Passage of Golubria      Tloc           N/A        N/A       99%         4
 Freezing Cloud           Conj/Ice/Air   0%         6-21      100%        5
 Silence                  Hex/Air        0%         N/A       100%        5
 Dispersal                Tloc           0%         N/A       100%        6
 Simulacrum               Ice/Necr       0%         N/A       100%        6
 Lehudib's Crystal Spear  Conj/Erth      0%         10d2      100%        8
 Polar Vortex             Ice            0%         N/A       100%        9


Dungeon Overview and Level Annotations

Branches:
Dungeon (6/15)             Temple (1/1) D:5

Altars:
Ashenzari
Cheibriados
Dithmenos
Elyvilon
Fedhas
Gozag
Hepliaklqana
Kikubaaqudgha
Makhleb
Nemelex Xobeh
Okawaru
Qazlal
Ru
Sif Muna
Trog
Uskayaw
Vehumet
Wu Jian
Xom
Zin
The Shining One

Shops:
D:2 !

Annotations:
D:5 2 transporters, sydd's ghost, amateur DgFi
D:6 Maggie


Innate Abilities, Weirdness & Mutations

((You are quick and stealthy near water. (Stealth+, EV+, Speed+++)))
Your lower body shifts to a powerful aquatic tail in water.


Message History

Maggie is moderately wounded.
You barely miss Maggie.
Maggie is moderately wounded.
Maggie hits you with a +0 broad axe.
You closely miss Maggie.
Maggie is moderately wounded.
You puncture Maggie!
Maggie is moderately wounded.
Maggie hits you with a +0 broad axe!
You hit Maggie.
Maggie is heavily wounded.
You hit Maggie.
Maggie is heavily wounded.
Maggie casts a spell at you. The bolt of fire hits you! You resist.
* * * LOW HITPOINT WARNING * * *
You hit Maggie.
Maggie is severely wounded.
You barely miss Maggie.
Maggie is severely wounded.
Maggie closely misses you.
You cannot move away from Maggie!
You hit Maggie but do no damage.
Maggie is severely wounded.
You barely miss Maggie.
Maggie is severely wounded.
Maggie misses you.
You hit Maggie.
Maggie is severely wounded.
You break out of your daze.
You feel like a meek peon again.
You hit Maggie.
Maggie is almost dead.
Maggie gestures wildly while chanting.
Maggie attempts to bespell you! You resist.
You hit Maggie.
Maggie is almost dead.
The ogre hits you with a +0 giant spiked club!!!
Ouch! That really hurt!
You die...

#.......###....#..
#.......##≈≈.≈#...
#......#.≈≈≈#≈≈≈..
###.##.≈≈≈≈≈≈≈≈≈≈≈
#..#≈≈≈#≈≈..≈≈#≈
#.#.≈≈≈≈≈...≈≈≈≈
#########..≈≈≈#≈≈≈..≈≈≈≈
.....>..O.≈≈≈≈≈≈≈≈.≈≈≈#≈
######@#.≈≈≈≈#≈≈.⌠.≈≈≈#
#@#..≈≈≈≈≈≈.<.≈≈≈≈
##O..≈≈≈≈≈≈≈.(.≈≈≈≈
.(...≈≈≈≈≈≈≈≈.≈≈≈≈≈
....<#≈≈≈#≈#≈.≈≈≈#≈
...#.#†≈≈≈≈≈..#.≈≈≈
(..#..#≈≈≈≈≈...≈≈≈≈
....#.###≈≈≈≈≈≈≈≈≈≈≈ #.
##.≈≈≈≈≈≈≈..


You could see Maggie and 2 ogres.

Vanquished Creatures
  2 water moccasins (D:5)
  2 orc warriors
  2 ice beasts (D:5)
  3 phantoms
  A wyvern zombie (D:5)
  A water moccasin zombie (D:5)
  A wyvern skeleton (D:5)
  A scorpion (D:5)
  A water moccasin skeleton (D:5)
  A gnoll shaman (D:4)
  A centaur skeleton (D:5)
  Terence (D:2)
  An iguana (D:5)
  2 orc wizards (D:4)
  3 gnolls (D:5)
  5 adders
  An adder skeleton (D:4)
  A worm (D:4)
  9 dart slugs
  10 orcs
  10 endoplasms
  2 giant cockroaches
  7 goblins
  5 hobgoblins
  10 jackals
  5 quokkas
  9 ball pythons
  5 bats
  A frilled lizard (D:1)
  13 kobolds
  5 rats
121 creatures vanquished.

Vanquished Creatures (others)
  A plant (Temple)
1 creature vanquished.

Grand Total: 122 creatures vanquished

Notes
Turn   | Place    | Note
-------+----------+-------------------------------------------
     0 | D:1      | mcbry74 the Merfolk Gladiator began the quest for the Orb.
     0 | D:1      | Reached XP level 1. HP: 16/16 MP: 1/1
   133 | D:1      | Reached XP level 2. HP: 22/22 MP: 2/2
   395 | D:1      | Reached skill level 5 in Polearms
   608 | D:1      | Reached XP level 3. HP: 27/27 MP: 3/3
  1192 | D:2      | You fall into a shaft and drop 2 floors!
  1449 | D:4      | Reached skill level 5 in Dodging
  1636 | D:4      | Reached XP level 4. HP: 33/33 MP: 4/4
  1645 | D:4      | Noticed an orc warrior
  2793 | D:2      | Noticed Terence
  2808 | D:2      | Killed Terence
  2809 | D:2      | Reached skill level 6 in Polearms
  3007 | D:2      | Reached XP level 5. HP: 38/38 MP: 5/5
  3045 | D:2      | Found Baojiv's Distillery.
  3597 | D:2      | Reached skill level 1 in Evocations
  3793 | D:4      | HP: 2/57 [orc warrior (4)]
  3795 | D:4      | Killed an orc warrior
  3796 | D:4      | Reached skill level 7 in Polearms
  3796 | D:4      | Reached XP level 6. HP: 2/44 MP: 6/6
  4437 | D:5      | Entered Level 5 of the Dungeon
  4486 | D:5      | Reached skill level 8 in Polearms
  4486 | D:5      | Reached XP level 7. HP: 4/50 MP: 7/7
  4778 | D:5      | Found a transporter.
  4778 | D:5      | Found a transporter.
  4778 | D:5      | Found a staircase to the Ecumenical Temple.
  4787 | Temple   | Entered the Ecumenical Temple
  4957 | Temple   | Became a worshipper of Warmaster Okawaru
  5280 | D:5      | Noticed sydd's ghost (amateur DgFi)
  5826 | D:5      | Reached skill level 9 in Polearms
  6244 | D:5      | Reached XP level 8. HP: 56/56 MP: 8/8
  6690 | D:5      | Reached * piety under Okawaru
  6694 | D:5      | Reached skill level 10 in Polearms
  7360 | D:4      | Reached skill level 5 in Throwing
  8147 | D:5      | Reached ** piety under Okawaru
  8148 | D:5      | Reached skill level 11 in Polearms
  8324 | D:6      | Noticed Maggie
  8432 | D:6      | Annihilated by an ogre

Illustrated notes

Levels and vault maps discovered:
D:1:      wheals_arrival_linesprint, layout_loops_cross
D:2:      layout_loops_ring, serial_shops, shop, minmay_heptomino_w4,
          uniq_terence
D:3:      layout_basic, kennysheep_generic_room_11
D:4:      layout_loops_cross
D:5:      minmay_spotlight, layout_cave_pods, minmay_temple_entry_mist,
          gammafunk_ghost_hive, minmay_misc_feat_square
D:6:      kennysheep_slugbush, layout_rooms, uniq_eustachio, uniq_maggie,
          uniq_pikel
Temple:   kilobyte_greek_temple

Skill      XL: |  1  2  3  4  5  6  7  8 |
---------------+-------------------------+-----
Polearms       | 5 6 7 8 9 11 | 11.2
Dodging        | 5 |  5.2
Evocations     | 1 2 3 4 |  4.6
Throwing       | 3 4 5 |  5.4
Fighting       | |  2.1

Action                   |  1- 3 |  4- 6 |  7- 9 || total
-------------------------+-------+-------+-------++-------
Melee: Trident           |   119 |       |       ||   119
       Spear             |       |   199 |   258 ||   457
 Fire: Hunting sling     |       |    15 |     6 ||    21
Throw: Stone             |    61 |    58 |    62 ||   181
       Throwing net      |       |     2 |     1 ||     3
Invok: Heroism           |       |       |     1 ||     1
Evoke: Wand              |       |       |     1 ||     1
  Use: Scroll            |       |     4 |       ||     4
       Potion            |       |     1 |       ||     1
 Stab: Sleeping          |     3 |     1 |     1 ||     5
       Distracted        |       |     1 |       ||     1
       Held in net/web   |       |       |     2 ||     2
Armor: Leather armour    |    21 |    17 |    24 ||    62
       Skin              |       |    10 |       ||    10
Dodge: Dodged            |    60 |    53 |    83 ||   196
